General information
- name: BNet
- type: Ladder team game (AT/RT)
- host: Battle.net
- saver: MashedPotatoes
map: TwilightRuins
- players: 8
- length: 50:37
- speed: Fast
- version: 1.26 W3XP
- replay type: Public
» download(307 KB)
Players
team 1 (loser)
IIIIIII11I1IIlI (
yellow | 114 APM | 4994 actions | 43:58)
10 Warden
3 Shadow Strike
3 Fan of Knives
1 Spirit of Vengeance
3 Blink
» actions
| Assign group hotkey | 95 | |
| Basic commands | 314 | |
| Build / train | 90 | |
| ESC pressed | 6 | |
| Enter build submenu | 26 | |
| Enter hero's abilities submenu | 11 | |
| Give item / drop item | 5 | |
| Right click | 2068 | |
| Select / deselect | 919 | |
| Select group hotkey | 1103 | |
| Use ability | 357 | |
4994 total
» units
| Wisp | 23 | |
| Archer | 7 | |
| Dryad | 1 | |
| Druid of the Claw | 5 | |
36 total
» upgrades
| Abolish Magic | 1 | |
| Druid of the Claw Training | 3 | |
| Strength of the Wild | 3 | |
| Reinforced Hides | 2 | |
| Well Spring | 1 | |
| Mark of the Claw | 1 | |
| Nature's Blessing | 1 | |
12 total
» buildings
| Altar of Elders | 1 | |
| Moon Well | 9 | |
| Ancient of War | 2 | |
| Tree of Life | 6 | |
| Tree of Ages | 4 | |
| Hunter's Hall | 1 | |
| Ancient of Wonders | 1 | |
| Ancient of Lore | 3 | |
| Tree of Eternity | 5 | |
32 total
» build order
00:05 Altar of Elders
00:19 Moon Well
00:55 Ancient of War
01:40 Moon Well
02:18 Ancient of War
02:23 Moon Well
03:54 Moon Well
04:30 Moon Well
05:02 Tree of Life
05:12 Tree of Ages
05:54 Hunter's Hall
06:03 Ancient of Wonders
07:46 Ancient of Lore
07:48 Ancient of Lore
09:00 Tree of Eternity
10:03 Tree of Eternity
10:33 Moon Well
10:34 Moon Well
17:13 Tree of Life
17:32 Tree of Life
17:33 Tree of Life
17:40 Tree of Ages
17:41 Tree of Ages
19:08 Moon Well
19:08 Moon Well
20:52 Tree of Eternity
24:46 Tree of Ages
27:10 Tree of Life
27:36 Tree of Life
27:54 Tree of Eternity
» items
| Boots of Speed | 1 | |
| Potion of Healing | 3 | |
| Potion of Mana | 1 | |
| Potion of Greater Healing | 1 | |
| Orb of Venom | 1 | |
| Scroll of Town Portal | 2 | |
| Potion of Lesser Invulnerability | 3 | |
| Scroll of Healing | 2 | |
| Staff of Teleportation | 1 | |
| Moonstone | 1 | |
16 total
MashedPotatoes (
pink | 48 APM | 2405 actions | 50:36)
10 Blademaster
3 Wind Walk
3 Critical Strike
1 Bladestorm
3 Mirror Image
» actions
| Assign group hotkey | 104 | |
| Basic commands | 167 | |
| Build / train | 70 | |
| Enter build submenu | 75 | |
| Enter hero's abilities submenu | 11 | |
| Give item / drop item | 8 | |
| Right click | 1008 | |
| Select / deselect | 344 | |
| Select group hotkey | 420 | |
| Use ability | 198 | |
2405 total
» units
| Peon | 13 | |
| Grunt | 5 | |
| Goblin Shredder | 2 | |
| Wind Rider | 2 | |
22 total
» upgrades
| Reinforced Defenses | 1 | |
| Spiked Barricades | 2 | |
| Ranged Weapons | 3 | |
| Armor | 3 | |
| Envenomed Spears | 1 | |
10 total
» buildings
| Orc Burrow | 10 | |
| Altar of Storms | 1 | |
| Barracks | 1 | |
| Voodoo Lounge | 2 | |
| Stronghold | 1 | |
| War Mill | 2 | |
| Great Hall | 5 | |
| Watch Tower | 52 | |
| Beastiary | 11 | |
| Fortress | 1 | |
86 total
» build order
00:13 Orc Burrow
00:55 Altar of Storms
00:58 Barracks
01:22 Orc Burrow
02:08 Voodoo Lounge
02:53 Stronghold
04:14 War Mill
04:58 Great Hall
05:23 Orc Burrow
05:40 Orc Burrow
06:06 Watch Tower
06:06 Watch Tower
06:06 Watch Tower
07:18 Beastiary
07:20 Beastiary
10:17 Fortress
10:20 Watch Tower
10:21 Watch Tower
10:22 Watch Tower
10:54 Voodoo Lounge
13:41 Watch Tower
13:41 Watch Tower
13:42 Watch Tower
13:42 Watch Tower
13:42 Watch Tower
13:43 Watch Tower
18:02 Watch Tower
18:03 Watch Tower
18:05 Watch Tower
19:39 Watch Tower
19:39 Watch Tower
19:40 Watch Tower
19:40 Watch Tower
19:41 Watch Tower
19:41 Watch Tower
19:42 Watch Tower
19:42 Watch Tower
19:42 Watch Tower
20:34 Watch Tower
22:33 Watch Tower
22:33 Watch Tower
22:34 Watch Tower
22:34 Watch Tower
22:35 Watch Tower
23:59 Great Hall
24:01 Watch Tower
24:02 Watch Tower
24:02 Watch Tower
24:02 Watch Tower
24:03 Watch Tower
24:04 Watch Tower
24:04 Watch Tower
24:06 Watch Tower
24:22 Watch Tower
24:23 Watch Tower
24:24 Beastiary
24:25 Beastiary
24:25 Beastiary
24:31 Beastiary
25:12 Beastiary
25:14 War Mill
26:56 Beastiary
26:58 Beastiary
27:01 Beastiary
29:09 Beastiary
29:46 Orc Burrow
29:49 Orc Burrow
29:54 Orc Burrow
29:58 Orc Burrow
29:58 Orc Burrow
33:35 Great Hall
33:37 Watch Tower
33:38 Watch Tower
33:38 Watch Tower
33:38 Watch Tower
33:39 Watch Tower
33:40 Watch Tower
33:40 Watch Tower
33:42 Watch Tower
35:06 Orc Burrow
35:14 Watch Tower
35:28 Great Hall
35:35 Watch Tower
40:32 Great Hall
» items
| Healing Salve | 5 | |
| Lesser Clarity Potion | 2 | |
| Boots of Speed | 1 | |
| Potion of Healing | 2 | |
| Potion of Mana | 3 | |
| Periapt of Vitality | 4 | |
| Staff of Teleportation | 3 | |
| Orb of Lightning | 1 | |
21 total
spidervan (
blue | 25 APM | 1242 actions | 49:01)
5 Archmage
1 Summon Water Elemental
3 Brilliance Aura
1 Blizzard
» actions
| Build / train | 148 | |
| Enter build submenu | 98 | |
| Enter hero's abilities submenu | 5 | |
| Right click | 391 | |
| Select / deselect | 476 | |
| Use ability | 124 | |
1242 total
» units
| Peasant | 34 | |
| Gryphon Rider | 30 | |
| Rifleman | 15 | |
| Siege Engine | 3 | |
82 total
» upgrades
| Masonry | 3 | |
| Lumber Harvesting | 2 | |
| Gunpowder | 3 | |
| Armor | 3 | |
| Swords | 3 | |
| Plating | 3 | |
| Storm Hammers | 1 | |
| Long Rifles | 1 | |
| Barrage | 1 | |
20 total
» buildings
| Farm | 10 | |
| Lumber Mill | 2 | |
| Altar of Kings | 1 | |
| Scout Tower | 63 | |
| Keep | 2 | |
| Guard Tower | 36 | |
| Blacksmith | 1 | |
| Gryphon Aviary | 2 | |
| Castle | 1 | |
| Town Hall | 5 | |
| Arcane Vault | 3 | |
| Barracks | 3 | |
| Workshop | 1 | |
130 total
» build order
00:55 Farm
01:12 Lumber Mill
01:31 Farm
02:09 Farm
03:08 Altar of Kings
03:28 Scout Tower
03:30 Scout Tower
03:33 Scout Tower
03:36 Scout Tower
03:38 Scout Tower
03:54 Keep
04:04 Scout Tower
04:08 Scout Tower
04:10 Guard Tower
04:15 Scout Tower
04:23 Scout Tower
04:26 Scout Tower
04:30 Scout Tower
04:37 Scout Tower
04:40 Scout Tower
04:42 Guard Tower
04:55 Blacksmith
05:06 Guard Tower
05:18 Guard Tower
05:31 Lumber Mill
05:57 Scout Tower
06:21 Scout Tower
06:28 Guard Tower
06:31 Scout Tower
06:59 Guard Tower
07:06 Guard Tower
07:08 Scout Tower
07:49 Scout Tower
07:53 Scout Tower
08:06 Guard Tower
08:24 Gryphon Aviary
08:29 Gryphon Aviary
08:40 Castle
08:48 Guard Tower
08:51 Scout Tower
09:02 Scout Tower
09:21 Scout Tower
09:22 Guard Tower
09:44 Town Hall
10:08 Scout Tower
10:09 Scout Tower
10:14 Scout Tower
10:20 Scout Tower
10:43 Guard Tower
10:46 Guard Tower
10:49 Guard Tower
10:56 Arcane Vault
11:07 Scout Tower
11:10 Scout Tower
11:30 Farm
11:35 Scout Tower
11:37 Scout Tower
12:06 Guard Tower
12:36 Scout Tower
12:40 Scout Tower
12:45 Farm
13:15 Town Hall
14:35 Farm
14:57 Farm
16:15 Farm
17:45 Scout Tower
17:53 Scout Tower
18:07 Guard Tower
18:17 Farm
18:39 Guard Tower
19:05 Farm
19:41 Scout Tower
20:16 Guard Tower
22:41 Town Hall
24:43 Scout Tower
25:30 Guard Tower
25:34 Scout Tower
26:52 Guard Tower
26:55 Scout Tower
28:32 Scout Tower
28:33 Guard Tower
29:01 Scout Tower
29:03 Guard Tower
29:33 Scout Tower
29:34 Guard Tower
30:08 Guard Tower
30:12 Scout Tower
30:39 Scout Tower
30:40 Guard Tower
31:10 Guard Tower
31:15 Scout Tower
31:45 Guard Tower
31:48 Scout Tower
32:09 Town Hall
32:15 Scout Tower
32:19 Guard Tower
32:50 Guard Tower
32:57 Barracks
33:22 Barracks
34:05 Barracks
34:11 Keep
35:11 Scout Tower
35:15 Scout Tower
35:56 Guard Tower
36:09 Guard Tower
37:25 Scout Tower
37:35 Scout Tower
37:43 Scout Tower
37:57 Scout Tower
37:58 Guard Tower
38:45 Town Hall
39:10 Scout Tower
39:42 Scout Tower
39:45 Scout Tower
39:48 Scout Tower
39:52 Scout Tower
39:56 Scout Tower
40:12 Workshop
40:33 Scout Tower
40:36 Guard Tower
40:36 Guard Tower
40:52 Guard Tower
41:25 Scout Tower
41:29 Scout Tower
42:07 Guard Tower
42:11 Arcane Vault
42:18 Arcane Vault
42:25 Guard Tower
42:28 Scout Tower
43:31 Scout Tower
» items

»
MindTheGap (
purple | 31 APM | 1227 actions | 39:54)
7 Crypt Lord
3 Carrion Beetles
3 Spiked Carapace
1 Locust Swarm
6 Death Knight
2 Death Coil
3 Unholy Aura
1 Animate Dead
» actions
| Basic commands | 6 | |
| Build / train | 105 | |
| Enter build submenu | 23 | |
| Enter hero's abilities submenu | 13 | |
| Remove unit from queue | 16 | |
| Right click | 510 | |
| Select / deselect | 463 | |
| Use ability | 91 | |
1227 total
» units
| Acolyte | 11 | |
| Ghoul | 14 | |
| Crypt Fiend | 6 | |
| Frost Wyrm | 13 | |
| Obsidian Statue | 2 | |
46 total
» upgrades
| Creature Attack | 3 | |
| Creature Carapace | 3 | |
| Freezing Breath | 1 | |
| Web | 1 | |
8 total
» buildings
| Ziggurat | 9 | |
| Altar of Darkness | 1 | |
| Crypt | 1 | |
| Graveyard | 1 | |
| Halls of the Dead | 1 | |
| Black Citadel | 1 | |
| Sacrificial Pit | 1 | |
| Boneyard | 3 | |
| Spirit Tower | 9 | |
| Tomb of Relics | 1 | |
| Slaughterhouse | 2 | |
30 total
» build order
01:01 Ziggurat
01:11 Altar of Darkness
01:21 Crypt
02:04 Ziggurat
02:12 Ziggurat
02:25 Ziggurat
03:41 Graveyard
03:47 Halls of the Dead
07:14 Black Citadel
08:11 Sacrificial Pit
08:38 Ziggurat
08:41 Ziggurat
08:54 Ziggurat
09:38 Boneyard
09:43 Boneyard
09:47 Boneyard
09:57 Spirit Tower
09:57 Spirit Tower
10:02 Spirit Tower
10:06 Spirit Tower
10:34 Spirit Tower
10:36 Spirit Tower
10:37 Spirit Tower
13:55 Tomb of Relics
17:48 Slaughterhouse
17:55 Slaughterhouse
23:31 Ziggurat
24:08 Spirit Tower
24:43 Ziggurat
» items
| Scroll of Town Portal | 5 | |
| Potion of Healing | 1 | |
6 total
team 2 (winner)

»
skill_over_swag (
red | 45 APM | 1199 actions | 26:38)
6 Mountain King
3 Storm Bolt
2 Bash
1 Avatar
5 Paladin
3 Holy Light
1 Devotion Aura
1 Divine Shield
» actions
| Assign group hotkey | 37 | |
| Build / train | 78 | |
| Enter build submenu | 24 | |
| Enter hero's abilities submenu | 11 | |
| Give item / drop item | 3 | |
| Right click | 666 | |
| Select / deselect | 263 | |
| Select group hotkey | 26 | |
| Use ability | 91 | |
1199 total
» units
| Peasant | 17 | |
| Footman | 3 | |
| Rifleman | 8 | |
| Gryphon Rider | 7 | |
| Knight | 4 | |
39 total
» upgrades
» buildings
| Barracks | 1 | |
| Altar of Kings | 1 | |
| Farm | 12 | |
| Blacksmith | 1 | |
| Scout Tower | 7 | |
| Arcane Tower | 2 | |
| Town Hall | 3 | |
| Keep | 1 | |
| Lumber Mill | 1 | |
| Arcane Vault | 1 | |
| Castle | 1 | |
| Gryphon Aviary | 2 | |
| Guard Tower | 3 | |
36 total
» build order
00:08 Barracks
00:17 Altar of Kings
00:20 Farm
01:00 Farm
01:43 Farm
02:01 Blacksmith
02:13 Scout Tower
02:37 Farm
03:03 Arcane Tower
03:16 Farm
03:18 Farm
05:32 Town Hall
05:55 Keep
06:17 Lumber Mill
07:18 Arcane Vault
08:06 Farm
08:08 Farm
08:09 Farm
09:59 Castle
11:38 Gryphon Aviary
11:40 Gryphon Aviary
11:52 Scout Tower
11:53 Scout Tower
12:37 Guard Tower
14:10 Guard Tower
14:14 Scout Tower
14:16 Scout Tower
14:33 Farm
14:34 Farm
14:48 Scout Tower
15:18 Guard Tower
15:25 Scout Tower
15:58 Arcane Tower
16:13 Farm
18:38 Town Hall
21:54 Town Hall
» items
| Boots of Speed | 1 | |
| Potion of Lesser Invulnerability | 1 | |
| Scroll of Regeneration | 5 | |
| Scroll of Town Portal | 6 | |
| Potion of Healing | 4 | |
| Potion of Mana | 1 | |
18 total
Lenin (
teal | 95 APM | 4785 actions | 50:36)
10 Archmage
3 Summon Water Elemental
3 Brilliance Aura
1 Mass Teleport
3 Blizzard
» actions
| Assign group hotkey | 115 | |
| Basic commands | 190 | |
| Build / train | 301 | |
| ESC pressed | 20 | |
| Enter build submenu | 89 | |
| Enter hero's abilities submenu | 10 | |
| Give item / drop item | 11 | |
| Right click | 1693 | |
| Select / deselect | 802 | |
| Select group hotkey | 1069 | |
| Use ability | 485 | |
4785 total
» units
| Peasant | 38 | |
| Footman | 21 | |
| Goblin Shredder | 7 | |
| Sorceress | 1 | |
| Dragonhawk Rider | 12 | |
| Gryphon Rider | 16 | |
| Wisp | 10 | |
| Flying Machine | 3 | |
108 total
» upgrades
| Masonry | 3 | |
| Defend | 1 | |
| Lumber Harvesting | 2 | |
| Swords | 3 | |
| Armor | 3 | |
| Magic Sentry | 1 | |
| Sorceress Training | 2 | |
| Animal War Training | 1 | |
| Cloud | 1 | |
| Storm Hammers | 1 | |
| Backpack | 1 | |
| Priest Training | 2 | |
| Flak Cannons | 1 | |
| Flying Machine Bombs | 1 | |
| Barrage | 1 | |
| Fragmentation Shards | 1 | |
| Flare | 1 | |
| Plating | 3 | |
| Gunpowder | 3 | |
| Control Magic | 1 | |
| Long Rifles | 1 | |
| Nature's Blessing | 1 | |
35 total
» buildings
| Barracks | 1 | |
| Altar of Kings | 1 | |
| Farm | 8 | |
| Arcane Vault | 1 | |
| Lumber Mill | 1 | |
| Town Hall | 4 | |
| Scout Tower | 49 | |
| Arcane Tower | 5 | |
| Guard Tower | 82 | |
| Keep | 2 | |
| Blacksmith | 1 | |
| Castle | 3 | |
| Arcane Sanctum | 1 | |
| Gryphon Aviary | 4 | |
| Workshop | 5 | |
| Tree of Ages | 2 | |
| Moon Well | 4 | |
| Tree of Eternity | 6 | |
180 total
» build order
00:10 Barracks
00:15 Altar of Kings
00:17 Farm
00:45 Farm
01:36 Farm
02:14 Arcane Vault
02:49 Farm
03:32 Farm
04:55 Lumber Mill
05:25 Farm
05:44 Town Hall
06:18 Scout Tower
06:20 Scout Tower
06:50 Arcane Tower
06:50 Arcane Tower
06:55 Guard Tower
06:58 Scout Tower
07:02 Scout Tower
07:29 Arcane Tower
07:29 Arcane Tower
07:30 Guard Tower
07:30 Guard Tower
07:30 Guard Tower
07:33 Scout Tower
07:34 Scout Tower
07:37 Scout Tower
07:53 Keep
07:59 Guard Tower
07:59 Guard Tower
08:10 Guard Tower
08:50 Scout Tower
08:52 Scout Tower
09:22 Guard Tower
09:24 Scout Tower
09:26 Guard Tower
09:33 Blacksmith
10:29 Castle
10:29 Castle
10:36 Arcane Sanctum
10:51 Guard Tower
12:19 Town Hall
12:22 Scout Tower
12:24 Scout Tower
12:28 Scout Tower
12:29 Scout Tower
12:52 Guard Tower
12:52 Guard Tower
12:54 Scout Tower
12:56 Scout Tower
12:58 Scout Tower
13:00 Scout Tower
13:01 Guard Tower
13:01 Guard Tower
13:02 Guard Tower
13:02 Guard Tower
13:15 Gryphon Aviary
13:19 Gryphon Aviary
13:25 Gryphon Aviary
13:30 Gryphon Aviary
13:47 Guard Tower
14:29 Scout Tower
14:33 Guard Tower
14:33 Guard Tower
14:33 Guard Tower
14:46 Scout Tower
14:51 Scout Tower
14:54 Scout Tower
14:56 Scout Tower
15:02 Scout Tower
15:04 Scout Tower
15:16 Guard Tower
15:16 Guard Tower
15:16 Guard Tower
15:17 Guard Tower
15:18 Guard Tower
15:18 Guard Tower
15:28 Guard Tower
15:28 Guard Tower
15:29 Guard Tower
15:29 Guard Tower
15:34 Guard Tower
15:34 Guard Tower
15:35 Guard Tower
16:13 Farm
16:15 Farm
17:16 Guard Tower
17:17 Guard Tower
17:25 Scout Tower
17:26 Scout Tower
17:27 Scout Tower
17:29 Scout Tower
17:31 Scout Tower
17:39 Scout Tower
17:44 Scout Tower
17:45 Scout Tower
17:49 Scout Tower
17:53 Guard Tower
17:53 Guard Tower
17:58 Guard Tower
17:58 Guard Tower
18:13 Guard Tower
18:13 Guard Tower
18:13 Guard Tower
18:14 Guard Tower
18:30 Guard Tower
18:50 Workshop
18:52 Workshop
18:53 Workshop
18:56 Workshop
18:59 Workshop
21:30 Scout Tower
21:31 Scout Tower
21:33 Scout Tower
21:35 Scout Tower
21:36 Scout Tower
21:53 Scout Tower
22:02 Guard Tower
22:02 Guard Tower
22:02 Guard Tower
33:35 Town Hall
33:43 Scout Tower
33:44 Scout Tower
33:45 Scout Tower
33:47 Scout Tower
33:51 Scout Tower
33:53 Scout Tower
33:55 Scout Tower
33:57 Scout Tower
34:00 Scout Tower
34:16 Guard Tower
34:16 Guard Tower
34:16 Guard Tower
34:50 Guard Tower
34:50 Guard Tower
35:14 Guard Tower
36:08 Tree of Ages
36:08 Tree of Ages
36:13 Moon Well
36:14 Moon Well
36:15 Moon Well
36:17 Moon Well
38:52 Tree of Eternity
38:52 Tree of Eternity
38:52 Tree of Eternity
39:21 Town Hall
» items
| Scroll of Regeneration | 11 | |
| Claws of Attack +6 | 1 | |
| Periapt of Vitality | 1 | |
| Potion of Healing | 4 | |
| Scroll of Town Portal | 5 | |
| Mechanical Critter | 2 | |
24 total

»
Warpath504 (
orange | 21 APM | 516 actions | 24:57)
5 Pit Lord
3 Cleaving Attack
2 Howl of Terror
» actions
| Assign group hotkey | 25 | |
| Build / train | 65 | |
| ESC pressed | 2 | |
| Enter build submenu | 14 | |
| Enter hero's abilities submenu | 5 | |
| Remove unit from queue | 2 | |
| Right click | 145 | |
| Select / deselect | 201 | |
| Select group hotkey | 26 | |
| Use ability | 31 | |
516 total
» units
| Wisp | 12 | |
| Archer | 12 | |
| Druid of the Claw | 21 | |
45 total
» upgrades
| Strength of the Wild | 3 | |
| Reinforced Hides | 3 | |
| Druid of the Claw Training | 2 | |
| Mark of the Claw | 1 | |
| Ultravision | 1 | |
10 total
» buildings
| Moon Well | 9 | |
| Ancient of War | 2 | |
| Hunter's Hall | 1 | |
| Altar of Elders | 2 | |
| Tree of Ages | 1 | |
| Ancient of Lore | 2 | |
| Tree of Eternity | 1 | |
| Tree of Life | 1 | |
19 total
» build order
00:15 Moon Well
00:54 Ancient of War
01:50 Hunter's Hall
02:24 Moon Well
02:33 Ancient of War
03:04 Altar of Elders
03:38 Altar of Elders
04:47 Moon Well
04:49 Moon Well
06:06 Tree of Ages
07:34 Moon Well
07:36 Moon Well
09:25 Ancient of Lore
09:32 Ancient of Lore
09:34 Tree of Eternity
10:32 Moon Well
10:33 Moon Well
10:34 Moon Well
21:42 Tree of Life

»
fleo (
green | 53 APM | 1312 actions | 24:34)
5 Archmage
3 Summon Water Elemental
2 Brilliance Aura
» actions
| Assign group hotkey | 24 | |
| Build / train | 46 | |
| ESC pressed | 2 | |
| Enter build submenu | 27 | |
| Enter hero's abilities submenu | 5 | |
| Right click | 454 | |
| Select / deselect | 353 | |
| Select group hotkey | 342 | |
| Use ability | 59 | |
1312 total
» units
| Peasant | 14 | |
| Rifleman | 6 | |
| Siege Engine | 6 | |
| Mortar Team | 1 | |
27 total
» upgrades
| Gunpowder | 2 | |
| Plating | 1 | |
| Lumber Harvesting | 2 | |
| Masonry | 2 | |
| Long Rifles | 1 | |
| Barrage | 1 | |
9 total
» buildings
| Altar of Kings | 2 | |
| Barracks | 1 | |
| Farm | 14 | |
| Blacksmith | 1 | |
| Keep | 1 | |
| Town Hall | 1 | |
| Workshop | 5 | |
| Lumber Mill | 1 | |
| Castle | 1 | |
| Arcane Vault | 1 | |
| Scout Tower | 4 | |
| Arcane Tower | 1 | |
33 total
» build order
00:26 Altar of Kings
00:30 Barracks
00:33 Altar of Kings
00:43 Farm
00:46 Farm
00:47 Farm
01:48 Blacksmith
02:02 Farm
02:17 Farm
02:59 Farm
03:47 Keep
04:44 Farm
04:46 Farm
04:47 Farm
04:49 Farm
04:50 Farm
05:12 Town Hall
06:40 Workshop
06:40 Workshop
06:46 Lumber Mill
06:52 Workshop
07:23 Farm
08:01 Castle
09:28 Farm
09:30 Farm
11:08 Workshop
11:29 Arcane Vault
11:42 Workshop
12:37 Scout Tower
12:41 Scout Tower
12:44 Scout Tower
12:45 Scout Tower
12:49 Arcane Tower
» items
Chat log
(00:09 / All) MashedPotatoes: NO PAUSING ON MY WATCH
(00:22 / All) Lenin: WC3 music went to high volume via hotkey on loading screen
(00:24 / All) Lenin: had to turn it down for my tunes
(00:30 / All) IIIIIII11I1IIlI: lol
(00:34 / All) MashedPotatoes: NOW SOTP IT
(00:38 / All) skill_over_swag: lol
(01:12 / All) MashedPotatoes: MASHED POTATO TIME
(03:05 / Allies) MashedPotatoes: Some lumber or gold children?
(03:52 / All) Lenin: I hate the nigger pathfinding on this map
(03:58 / All) Lenin: needs more trees to stop creep sight
(04:03 / All) Lenin: similar to amazonia 2
(04:13 / All) Lenin: if I'm thinking of the right tourney map
(06:33 / All) MashedPotatoes: LOOK OUT
(06:37 / All) MashedPotatoes: HERE COMES THE SPIDER MAN
(06:40 / All) MashedPotatoes: AWWWHHHH
(07:37 / Allies) MashedPotatoes: oops
(07:44 / Allies) MindTheGap: silly
(07:50 / Allies) MashedPotatoes: wasn't paying attention
(08:23 / All) MashedPotatoes: hate these new creeps with mana burn and death coil and all kinds of shit
(09:01 / All) Lenin: I miss the old maps because I knew them inside out
(09:04 / All) MashedPotatoes: nice mh
(14:49 / Allies) MindTheGap: b
(14:49 / Allies) MindTheGap: b
(14:49 / Allies) MindTheGap: b
(17:02 / Allies) MindTheGap: b
(17:03 / Allies) MindTheGap: b
(17:03 / Allies) MindTheGap: b
(17:03 / Allies) MindTheGap: b
(18:14 / Allies) MindTheGap: meet
(18:26 / Allies) MindTheGap: wait yllow
(18:47 / Allies) MindTheGap: let it go
(19:09 / Allies) MindTheGap: tp to blue
(19:20 / Allies) IIIIIII11I1IIlI: kkk
(19:21 / All) MashedPotatoes: look waht I found...
(19:27 / Allies) MindTheGap: go
(19:28 / Allies) MindTheGap: go
(19:35 / Allies) MindTheGap: repair
(19:46 / Allies) MindTheGap: repair
(19:56 / Allies) MindTheGap: b;lue u noob
(20:10 / All) MashedPotatoes: AGGRONOR THE MIGHTY
(20:23 / Allies) spidervan: coounter
(20:33 / Allies) spidervan: counter
(20:34 / Allies) spidervan: now
(20:35 / Allies) MindTheGap: go
(20:49 / Allies) MindTheGap: waste blue
(20:55 / Allies) MindTheGap: of a lot of money
(20:56 / Allies) spidervan: gogogo
(21:19 / Allies) IIIIIII11I1IIlI: not teal
(21:33 / Allies) IIIIIII11I1IIlI: oj
(21:36 / Allies) MindTheGap: go
(21:42 / Allies) MindTheGap: wtf
(22:01 / Allies) MindTheGap: b
(22:02 / Allies) MindTheGap: b
(22:02 / Allies) IIIIIII11I1IIlI: damn he got well defended
(22:07 / Allies) MindTheGap: blue u noob
(23:21 / Allies) IIIIIII11I1IIlI: damnit i told you we should hit oj
(23:26 / Allies) MindTheGap: blue blows
(23:46 / Allies) MindTheGap: go
(24:09 / Allies) IIIIIII11I1IIlI: pink units?
(25:48 / All) IIIIIII11I1IIlI: zero units for pink
(28:45 / Allies) MindTheGap: meet plz
(30:11 / Allies) MindTheGap: heal
(30:19 / Allies) MindTheGap: comming
(32:33 / Allies) IIIIIII11I1IIlI: sharegold pink
(32:43 / Allies) MashedPotatoes: Checks in the mail
(33:03 / Allies) MindTheGap: i need some pink plz
(33:10 / Allies) MashedPotatoes: You got it
(33:14 / Allies) MindTheGap: now
(33:18 / All) Lenin: Are you all enjoying hide and seek?
(33:19 / All) Lenin: I sure am!
(33:20 / Allies) IIIIIII11I1IIlI: pink we savedyourr ass bitch
(33:27 / Allies) MashedPotatoes: Writing you a check in the name of Faggot Extraordinaire, Purple
(33:36 / Allies) MindTheGap: y?
(33:46 / Allies) MashedPotatoes: You don't want a check?
(33:54 / Allies) MashedPotatoes: Would you prefer a money transfer?
(34:02 / Allies) MindTheGap: no direct deposet plz
(34:09 / Allies) MashedPotatoes: You got it
(34:16 / Allies) MindTheGap: i dont see it
(34:24 / Allies) MashedPotatoes: Takes 24 hours for my secretary to process the transaction
(34:33 / Allies) MindTheGap: not with my back
(34:35 / Allies) MindTheGap: bank
(34:41 / Allies) IIIIIII11I1IIlI: oh fuckin mean
(38:28 / All) MashedPotatoes: Purple is a traitor
(38:39 / All) MashedPotatoes: He murdered my subject
(38:48 / Allies) MindTheGap: your a little bitch
(38:53 / Allies) MashedPotatoes: Die traitor
(38:54 / Allies) spidervan: qtf
(38:56 / Allies) spidervan: wtf
(39:14 / Allies) MindTheGap: go fuck your mother
(39:15 / Allies) MashedPotatoes: He killed my southern msot expansion and murdered my architect
(39:22 / Allies) MindTheGap: that was my gold mine and u kno it
(39:27 / Allies) MashedPotatoes: It was unclaimed
(39:54 / All) Lenin: raped
(40:18 / Allies) MashedPotatoes: Out
(40:24 / Allies) MashedPotatoes: You have 45 seconds to get out of my land
(40:37 / All) Lenin: I had 2 peons on that gold mine, now I'm curious how long I did
(40:43 / All) MashedPotatoes: In the name of the King I hereby claim this land
(40:45 / All) MashedPotatoes: KING OF THE EAST
(41:08 / Allies) spidervan: wtf
(41:10 / Allies) spidervan: idiot
(41:12 / Allies) MashedPotatoes: I told you to get out
(41:13 / Allies) MashedPotatoes: My land
(43:48 / All) MashedPotatoes: Saithis isn't looking to healthy
(43:58 / All) IIIIIII11I1IIlI: pink must raped his mom very happly
(44:07 / All) Lenin: lol
(44:32 / All) MashedPotatoes: Blue do you swear fealty to me, the true King?
(44:51 / Allies) MashedPotatoes: I could save your lands
(45:01 / Allies) MashedPotatoes: Do you swear fealty to Lord Farsanky the true king of the east?
(45:10 / All) Lenin: Doril Magefont prevails!
(45:32 / Allies) MashedPotatoes: TRAITOR
(45:42 / Allies) MashedPotatoes: I HEREBY BRAND YOU TRAITOR, USURPER
(46:58 / All) MashedPotatoes: he's whispering me
(47:04 / All) Lenin: What is he saying?
(47:05 / All) MashedPotatoes: I can't whisper back
(47:10 / All) MashedPotatoes: the usual
(47:14 / All) Lenin: Squelched or offline?
(47:18 / All) MashedPotatoes: squelched
(47:24 / All) MashedPotatoes: I'm raping that mom of mine is what he is telling me
(47:31 / All) Lenin: I think he might be mad
(47:35 / All) MashedPotatoes: yes
(48:35 / All) MashedPotatoes: "so much fine" scolding me
(48:42 / All) Lenin: lol
(49:13 / All) MashedPotatoes: stats your team
(49:21 / All) MashedPotatoes: My team is average I don't know what yellow is
(49:24 / All) Lenin: Red is 2-1
(49:29 / All) Lenin: orange is 4-6
(49:33 / All) Lenin: Green is 44-52
(49:53 / All) Lenin: Blue is 25-31 no surprise there
(50:03 / All) Lenin: Purple is 31-38
(50:11 / All) MashedPotatoes: I'd like to tease yellow but he has /o igw on
(50:11 / All) Lenin: Yellow is too painful to stats
(50:30 / All) MashedPotatoes: Aight my team lose
(50:35 / All) Lenin: kk